 Dungeon Sprint DCSS version 0.31-a0-7-g51783674b7 (webtiles) character file.

Game seed: 8844789546879582467

26 sircluck the Trooper (level 3, -2/36 HPs)
             Began as a Hill Orc Fighter on May 5, 2023.
             Slain by an ogre
             ... wielding a +0 giant club
              (9 damage)
             ... in the Dungeon (Sprint I: "Red Sonja").
             The game lasted 00:00:09 (83 turns).

sircluck the Trooper (Hill Orc Fighter)               Turns: 83, Time: 00:00:10

Health: -2/36      AC:  7    Str: 20    XL:     3   Next: 8%
Magic:  3/3        EV:  9    Int:  8    God:
Gold:   0          SH:  4    Dex: 10    Spells: 2/2 levels left

rFire   . . .        a - +0 war axe
rCold   . . .        c - +0 buckler
rNeg    . . .        b - +0 scale mail
rPois   .            (no helmet)
rElec   .            (no cloak)
rCorr   .            (no gloves)
SInv    .            (no boots)
Will    .....        (no amulet) Stlth
                     (no ring)
HPRegen 0.26/turn    (no ring)
MPRegen 0.08/turn

%: no teleportation
@: no status effects
A: no striking features
a: no special abilities


You were in the Dungeon.
You visited 1 branch

Inventory:

Hand Weapons
 a - a +0 war axe (weapon)
Armour
 b - a +0 scale mail (worn)
 c - a +0 buckler (worn)
Wands
 k - a wand of iceblast (7)
Scrolls
 j - a scroll of blinking
Potions
 d - a potion of might
 e - a potion of curing
 f - a potion of heal wounds
 g - a potion of haste
 h - 2 potions of magic
 i - a potion of berserk rage


   Skills:
 + Level 5.3 Fighting
 + Level 4.3 Axes
 + Level 4.5 Armour
 + Level 0.1 Dodging
 + Level 4.5 Shields


You had 2 spell levels left.
You didn't know any spells.
Your spell library was empty.

Dungeon Overview and Level Annotations

Branches:
Dungeon (1/1)

Altars:


Message History

Your experience leads to an increase in your attributes!
Increase (S)trength, (I)ntelligence, or (D)exterity?
You feel stronger. x2
k - a wand of iceblast (7)
Things that are here:
a +0 dagger; a +0 ring mail; the goblin corpse of Ijyb
Things that are here:
a +0 dagger; a +0 ring mail; the goblin corpse of Ijyb
Things that are here:
a +0 dagger; a +0 ring mail; the goblin corpse of Ijyb
Things that are here:
a +0 dagger; a +0 ring mail; the goblin corpse of Ijyb
Things that are here:
a +0 dagger; a +0 ring mail; the goblin corpse of Ijyb
Things that are here:
a +0 dagger; a +0 ring mail; the goblin corpse of Ijyb
Things that are here:
a +0 dagger; a +0 ring mail; the goblin corpse of Ijyb
Things that are here:
a +0 dagger; a +0 ring mail; the goblin corpse of Ijyb You start resting.
HP restored.
You open the door.
An ogre comes into view. It is wielding a +0 giant club.
The ogre barely misses you.
There is an open door here.
You slash the ogre!
The ogre is moderately wounded.
You barely miss the ogre.
The ogre is moderately wounded.
The ogre hits you with a +0 giant club!
You hit the ogre.
The ogre is heavily wounded.
The ogre hits you with a +0 giant club!!
Ouch! That really hurt!
* * * LOW HITPOINT WARNING * * *
You barely miss the ogre.
The ogre is heavily wounded.
The ogre hits you with a +0 giant club!
You die...

##########
#<.#..@O.#
#..').#..+
#..#####+#
#..# #..#
#..# #⌠⌠#
####


You could see an ogre.

Vanquished Creatures
  Ijyb (D)
1 creature vanquished.

Notes
Turn   | Place    | Note
-------+----------+-------------------------------------------
     0 | D        | sircluck the Hill Orc Fighter began the quest for the Orb.
     0 | D        | Reached XP level 1. HP: 19/19 MP: 1/1
     1 | D        | Noticed Ijyb
    14 | D        | Killed Ijyb
    15 | D        | Reached skill level 5 in Fighting
    15 | D        | Reached XP level 2. HP: 16/29 MP: 2/2
    15 | D        | Reached XP level 3. HP: 20/36 MP: 3/3
    78 | D        | Noticed an ogre
    83 | D        | Slain by an ogre

Illustrated notes

Levels and vault maps discovered:
D:        dungeon_sprint_1 [red_sonja_temple_1, red_sonja_temple_small_1]

Skill      XL: |  1 |
---------------+----+-----
Fighting       | 5 |  5.3
Axes           | 4 |  4.3
Armour         | 4 |  4.5
Shields        | 4 |  4.5
Dodging        | |  0.1

Action                     || total
---------------------------++-------
  Melee: War axe           ||    16
 Armour: Scale mail        ||     3
  Dodge: Dodged            ||     5
  Block: Buckler           ||     2

Table legend: (Time is in decaauts)
 A = Elapsed time spent in this place.
 B = Non-inter-level travel time spent in this place.
 C = Inter-level travel time spent in this place.
 D = Time resting spent in this place.
 E = Time spent auto-exploring this place.
 F = Levels seen in this place.
 G = Mean time per level.
                   A        B        C        D        E       F      G
               +--------+--------+--------+--------+--------+-----+--------+
         Total |     89 |     89 |      0 |     45 |      1 |   1 |   89.0 |
       Dungeon |     89 |     89 |      0 |     45 |      1 |   1 |   89.0 |
               +--------+--------+--------+--------+--------+-----+--------+

Top non-repeatable levels by time:
       D: 89 daAuts
